 Dungeon Crawl Stone Soup version 0.18.1-48-g4cf74bf (console) character file.

25 QuiZr the Grave Robber (level 2, 0/13 HPs)
             Began as a Spriggan Necromancer on Aug 31, 2016.
             Succumbed to an adder's poison
             ... on level 2 of the Dungeon.
             The game lasted 00:12:06 (1744 turns).

QuiZr the Grave Robber (Spriggan Necromancer)       Turns: 1744, Time: 00:12:07

Health: 0/13       AC:  2    Str:  4    XL:     2   Next: 86%
Magic:  7/7        EV: 18    Int: 20    God:
Gold:   60         SH:  0    Dex: 16    Spells: 2 memorised, 5 levels left

rFire  . . .     SeeInvis +     d - +0 hand axe
rCold  . . .     Gourm    .     a - +0 robe
rNeg   . . .     Faith    .     (shield restricted)
rPois  .         Spirit   .     (helmet restricted)
rElec  .         Dismiss  .     (no cloak)
rCorr  .         Reflect  .     (gloves unavailable)
SustAt .         Harm     .     (boots unavailable)
MR     .....                    (no amulet)
Stlth  +++.......               (no ring)
                                f - +4 ring of intelligence

@: lethally poisoned (0 -> -7), very quick, not resistant to hostile
enchantments, fairly stealthy
A: unfitting armour, see invisible, herbivore 3, speed 3, slow metabolism 2
a: no special abilities


You were on level 2 of the Dungeon.
You were full.

You visited 1 branch of the dungeon, and saw 2 of its levels.

You collected 60 gold pieces.

Inventory:

Hand Weapons
 d - a +0 hand axe (weapon)
Missiles
 i - 7 tomahawks (quivered)
Armour
 a - a +0 robe (worn)
Jewellery
 f - a +4 ring of intelligence (left hand)
Potions
 e - a potion of curing
Books
 b - a book of Necromancy

   Spells                             Type                      Level
   a - Pain                           Necromancy                   1
   b - Animate Skeleton               Necromancy                   1
   c - Vampiric Draining              Necromancy                   3
   d - Regeneration                   Charms/Necromancy            3
   e - Animate Dead                   Necromancy                   4
   f - Control Undead                 Necromancy                   4
Comestibles
 c - a bread ration
 g - 4 fruits
 h - a slice of pizza


   Skills:
 + Level 0.2 Axes
 + Level 3.3 Dodging
 + Level 3.1 Stealth
 + Level 3.1 Spellcasting
 + Level 4.1 Necromancy


You had 5 spell levels left.
You knew the following spells:

 Your Spells              Type           Power        Failure   Level  Hunger
a - Pain                  Necr           ###.         2%          1    None
b - Animate Skeleton      Necr           N/A          2%          1    None


Dungeon Overview and Level Annotations

Branches:
Dungeon (2/15)

Altars:


Innate Abilities, Weirdness & Mutations

You are tiny and cannot use many weapons and most armour.
You have supernaturally acute eyesight.
You are a herbivore.
You cover ground extremely quickly.
You need consume almost no food.


Message History

You miss the adder.
The adder is moderately wounded.
The adder completely misses you.
Something barely misses the adder.
The adder barely misses you.
Casting: Animate Skeleton
Confirm with . or Enter, or press ? or * to list all spells.
There is nothing here that can be animated!
What do you say? t - Shout!
Orders for allies: a - Attack new target. r - Retreat! s - Stop attacking. w - Wait here. f - Follow me.
Anything else - Stay silent.
Gang up on whom?
Press: ? - help, Dir - move target cursor, f - adder
Aim: an adder (moderately wounded) Attack!
* * * LOW HITPOINT WARNING * * *
You feel sick. The adder closely misses you.
Something hits the adder.
You die...

######.. ### #...Z..# ..#
#Z####.. #.# #.# #.# #.# #.#
#.. #.# #####.###### #.#
#........# ##.## #.###.##.# #+
#..@## #.....##.# ... ##.#.#.##
#.....##.# ....
##.##.##S###.....##.# .....
#.#..#.##.##......#.# #
......####....##.###........###
......'............Z........†.'
......###........#####.#.<.####
..... #.#.#.##.# #.##.## # ....
#.###.##.# #.####


You could see an adder.

Vanquished Creatures
  A dart slug (D:1)
  3 giant cockroaches
  4 goblins (D:1)
  2 hobgoblins (D:1)
  2 bats (D:1)
  4 giant newts (D:1)
  3 kobolds
  A rat (D:1)
20 creatures vanquished.

Vanquished Creatures (collateral kills)
  A giant cockroach (D:1)
  A hobgoblin (D:1)
2 creatures vanquished.

Grand Total: 22 creatures vanquished

Notes
Turn   | Place    | Note
--------------------------------------------------------------
     0 | D:1      | QuiZr the Spriggan Necromancer began the quest for the Orb.
     0 | D:1      | Reached XP level 1. HP: 9/9 MP: 5/5
    30 | D:1      | Learned a level 1 spell: Animate Skeleton
   326 | D:1      | Reached XP level 2. HP: 13/13 MP: 6/6
   784 | D:1      | Reached skill level 4 in Necromancy
  1744 | D:2      | Succumbed to an adder's poison

Skill      XL: |  1  2 |
---------------+-------+-----
Necromancy     | 4 |  4.1
Spellcasting   | 3 |  3.1
Axes           | |  0.2
Dodging        | |  3.3
Stealth        | |  3.1

Action                   || total
-------------------------++-------
Melee: Hand axe          ||    80
 Cast: Animate Skeleton  ||    12
  Use: Scroll            ||     7
       Potion            ||     2
 Stab: Sleeping          ||     1
  Eat: Fruit             ||     4
Armor: Robe              ||    12
Dodge: Dodged            ||    87
